 Dungeon Crawl Stone Soup version 0.29.1-13-g9f3cf754e1 (webtiles) character file.

Game seed: 16065190655136459042

7 Exodus22XD the Covered (level 1, 20/20 HPs)
             Began as a Minotaur Fighter on Feb 3, 2023.
             Was a Follower of Fedhas.
             Quit the game on level 1 of the Dungeon.
             The game lasted 00:00:17 (262 turns).

Exodus22XD the Covered (Minotaur Fighter)            Turns: 262, Time: 00:00:18

Health: 20/20      AC:  7    Str: 20    XL:     1   Next: 91%
Magic:  0/0        EV:  9    Int:  5    God:    Fedhas [*.....]
Gold:   8          SH:  4    Dex:  9    Spells: 0/0 levels left

rFire   . . .      SeeInvis .   a - +0 war axe
rCold   . . .      Faith    .   c - +0 buckler
rNeg    . . .      Spirit   .   b - +0 scale mail
rPois   .          Reflect  .   (helmet restricted)
rElec   .          Harm     .   (no cloak)
rCorr   .          Rampage  .   (no gloves)
Will    .....                   (no boots)
Stlth   ..........              (no amulet)
HPRegen 0.06/turn               (no ring)
MPRegen 0.07/turn               (no ring)

@: no status effects
A: horns 2, retaliatory headbutt
a: Renounce Religion


You were on level 1 of the Dungeon.
You worshipped Fedhas.
Fedhas was aware of your devotion.
You visited 1 branch of the dungeon, and saw 1 of its levels.

You collected 8 gold pieces.

Inventory:

Hand Weapons
 a - a +0 war axe (weapon)
Armour
 b - a +0 scale mail (worn)
 c - a +0 buckler (worn)
Scrolls
 f - a scroll of enchant weapon {unknown}
Potions
 d - a potion of might
 e - a potion of heal wounds {unknown}


   Skills:
 + Level 3.8 Fighting
 + Level 2.5 Axes
 + Level 3.8 Armour
 + Level 3.8 Shields


You couldn't memorise any spells.
You didn't know any spells.
Your spell library was empty.

Dungeon Overview and Level Annotations

Branches:
Dungeon (1/15)

Altars:
Fedhas


Innate Abilities, Weirdness & Mutations

You have a pair of horns on your head.
You reflexively headbutt those who attack you in melee.


Message History

The hobgoblin is severely wounded.
The hobgoblin hits you but does no damage.
You block the hobgoblin's attack.
A hobgoblin is nearby!
You hit the hobgoblin.
The hobgoblin is severely wounded.
The hobgoblin hits you but does no damage.
A hobgoblin is nearby!
You hit the hobgoblin.
You kill the hobgoblin!
A quokka comes into view.
A quokka is nearby!
A quokka is nearby!
You slash the quokka!
You kill the quokka!
A goblin comes into view. It is wielding a +0 club.
The goblin hits you but does no damage.
A goblin is nearby!
You slash the goblin!
You kill the goblin!
You see here a +0 club.
Key pressed, stopping explore.
No target in view!
Found a faded altar of an unknown god.
No target in view!
A kobold comes into view. It is wielding a +3 dagger of flaming.
Found a sedimented emerald potion.
The kobold shouts!
A kobold is nearby!
The kobold barely misses you.
You closely miss the kobold. You headbutt the kobold.
You kill the kobold!
No target in view!
Search for what [? for help]? alt
There is a faded altar of an unknown god here.
You cannot tell which god this altar belongs to.
Convert to them anyway?
Fedhas accepts your prayer! Fedhas welcomes you!
The plants of the dungeon cease their hostilities.
Are you sure you want to abandon this character and quit the game? (Confirm with "yes".)

...............#
##############.#
##############.##
................#
##############..#
#..# ####..###
#....^^^#
#.##..@^#
.......^.^#
###.####..# #
..... ######


There were no monsters in sight!

Vanquished Creatures
  2 goblins (D:1)
  A hobgoblin (D:1)
  A kobold (D:1)
  A quokka (D:1)
  A ball python (D:1)
6 creatures vanquished.

Vanquished Creatures (others)
  2 plants (D:1)
2 creatures vanquished.

Grand Total: 8 creatures vanquished

Notes
Turn   | Place    | Note
-------+----------+-------------------------------------------
     0 | D:1      | Exodus22XD the Minotaur Fighter began the quest for the
                  | Orb.
     0 | D:1      | Reached XP level 1. HP: 19/19 MP: 0/0
   190 | D:1      | Found a faded altar of an unknown god.
   261 | D:1      | Prayed at the altar of an unknown god.
   261 | D:1      | Became a worshipper of Fedhas Madash
   261 | D:1      | Reached * piety under Fedhas
   262 | D:1      | Quit the game

Illustrated notes

Levels and vault maps discovered:
D:1:      sevenhm_arrival_forest_fort_large_4, layout_basic,
          ebering_ecumenical_altar_webs

Action                   || total
-------------------------++-------
Melee: War axe           ||    10
       Headbutt          ||     2
Armor: Scale mail        ||     3
Dodge: Dodged            ||     3
Block: Buckler           ||     3
